 Dungeon Crawl Stone Soup version 0.32-a0-791-gfc315c9ecd (webtiles) character file.

Game seed: 6124004645943700836

5755 zenocrate the Ducker (level 10, 0/68 HPs)
             Began as an Octopode Earth Elementalist on Mar 20, 2024.
             Was an Initiate of Gozag.
             Succumbed to a scorpion's poison
             ... on level 8 of the Dungeon.
             The game lasted 00:13:23 (8253 turns).

zenocrate the Ducker (Octopode Earth Elementalist)  Turns: 8253, Time: 00:13:24

Health: 0/68       AC: 10    Str: 16      XL:     10   Next: 78%
Magic:  5/18       EV: 14    Int: 22      God:    Gozag
Gold:   177        SH:  0    Dex: 11 (12) Spells: 11/20 levels left

rFire   . . .        a - +11 hammer of Ignis's Outrage {protect, rElec Int+2}
rCold   + . .        (no shield)
rNeg    . . .        d - +2 hat
rPois   .            (no amulet)
rElec   +            v - ring of protection from cold
rCorr   .            c - +6 ring of strength
SInv    .            (no ring)
Will    .....        (no ring)
Stlth   ++           (no ring)
HPRegen 0.31/turn    (no ring)
MPRegen 0.16/turn    (no ring)
                     (no ring)

%: no passive effects
@: lethally poisoned (0 -> -13), silenced, gold aura, under a protective aura,
studying 2 skills
A: almost no armour, amphibious, 8 rings, camouflage 1, gelatinous body 1,
(nimble swimmer 1), tentacles
a: Renounce Religion


You were on level 8 of the Dungeon.
You worshipped Gozag.
Gozag was aware of your devotion.
You visited 2 branches of the dungeon, and saw 9 of its levels.

You collected 936 gold pieces.
You paid 759 gold pieces to Gozag.

Inventory:

Hand Weapons
 a - the +11 hammer of Ignis's Outrage (weapon) {protect, rElec Int+2}
   (You found it on level 3 of the Dungeon)

   Int+2:     It affects your intelligence (+2).
   rElec:     It insulates you from electricity.
 l - a +2 dagger of holy wrath
 o - a +0 rapier
Armour
 d - a +2 hat (worn)
Jewellery
 c - a +6 ring of strength (right tentacle)
 v - a ring of protection from cold (left tentacle)
Talismans
 w - a blade talisman
Wands
 k - a wand of polymorph (8)
 p - a wand of paralysis (7)
Scrolls
 h - a scroll of poison {unknown}
 i - a scroll of revelation
 j - a scroll of silence
 n - 2 scrolls of blinking {unknown}
 q - 2 scrolls of teleportation {unknown}
 r - 3 scrolls of vulnerability
 s - a scroll of amnesia {unknown}
 t - 2 scrolls of fear {unknown}
 u - a scroll of noise {unknown}
 y - a scroll of summoning {unknown}
 z - a scroll of torment {unknown}
Potions
 b - 2 potions of mutation
 g - a potion of attraction {unknown}
 m - a potion of resistance
 x - a potion of might {unknown}
 A - a potion of berserk rage {unknown}


   Skills:
 + Level 5.7 Fighting
 + Level 6.7 Dodging
 - Level 3.2 Stealth
 + Level 5.6 Unarmed Combat
 * Level 5.9 Spellcasting
 + Level 5.4 Conjurations
 + Level 6.6 Earth Magic
 + Level 5.3 Evocations
 + Level 3.5 Shapeshifting


You had 11 spell levels left.
You knew the following spells:

 Your Spells              Type           Power      Damage    Failure   Level
a - Stone Arrow           Conj/Erth      66%        3d11      2%          3
b - Sandblast             Erth           70%        2d15      1%          1
x - Blink                 Tloc           12%        N/A       14%         2
z - Passwall              Erth           35%        N/A       1%          3

Your spell library contained the following spells:

 Spells                   Type           Power      Damage    Failure   Level
 Magic Dart               Conj           100%       1d8       1%          1
 Shock                    Conj/Air       72%        1d7       3%          1
 Static Discharge         Conj/Air       36%        3-5/arc   4%          2
 Brom's Barrelling Bould  Conj/Erth      33%        2d5       8%          4
 Hailstorm                Conj/Ice       18%        3d7       9%          3
 Mephitic Cloud           Conj/Alch/Air  14%        N/A       13%         3
 Call Imp                 Summ           12%        N/A       14%         2
 Mercury Vapours          Alch/Air       12%        N/A       14%         2
 Petrify                  Alch/Erth      21%        N/A       24%         4
 Inner Flame              Hex/Fire       6%         N/A       28%         3
 Summon Ice Beast         Ice/Summ       6%         N/A       28%         3
 Swiftness                Air            6%         N/A       28%         3
 Irradiate                Conj/Alch      9%         3d14      63%         5
 Airstrike                Air            3%         2d(1-17)  67%         4
 Summon Lightning Spire   Summ/Air       6%         N/A       67%         4
 Freezing Cloud           Conj/Ice/Air   7%         6-21      77%         5
 Permafrost Eruption      Ice/Erth       10%        2x4d4     98%         6
 Sculpt Simulacrum        Ice/Alch       3%         N/A       100%        6
 Ignition                 Fire           3%         3d4       100%        8


Dungeon Overview and Level Annotations

Branches:
Dungeon (8/15)             Temple (1/1) D:5
   Lair: D:8-11

Altars:
Cheibriados
Dithmenos
Elyvilon
Fedhas
Gozag
Hepliaklqana
Kikubaaqudgha
Makhleb
Nemelex Xobeh
Okawaru
Qazlal
Ru
Sif Muna
Uskayaw
Vehumet
Wu Jian
Xom
Zin

Shops:
D:2 (

Annotations:
D:3 1 runed translucent door, Crazy Yiuf
D:8 Amaemon


Innate Abilities, Weirdness & Mutations

You cannot wear most types of armour.
You are amphibious.
You can wear up to eight rings at the same time.
Your skin changes colour to match your surroundings (Stealth+).
Your rubbery body absorbs attacks. (AC +1, EV +1)
((You are camouflaged when in or above water. (Stealth+)))
You have tentacles for arms and can constrict up to eight enemies at once.


Message History

* * * LOW HITPOINT WARNING * * *
Amaemon is distracted by your dazzling golden aura.
The scorpion is distracted by your dazzling golden aura.
Unknown command.
Unknown command.
You sock Amaemon!
Amaemon is no longer distracted by gold.
You grab Amaemon.
Amaemon is moderately wounded.
You constrict Amaemon.
You feel very sick.
The scorpion is no longer distracted by gold.
The scorpion misses you. The scorpion barely misses you.
Amaemon hits you but does no damage.
You are lethally poisoned!
Amaemon claws you but does no damage. Amaemon tail-slaps you.
* * * LOW HITPOINT WARNING * * *
The scorpion stings you but does no damage.
You feel better.
You constrict Amaemon! The scorpion stings you.
* * * LOW HITPOINT WARNING * * *
You are lethally poisoned!
The scorpion poisons you! The scorpion misses you.
Amaemon is distracted by your dazzling golden aura.
The scorpion stings you.
* * * LOW HITPOINT WARNING * * *
The scorpion stings you but does no damage.
The scorpion stings you.
* * * LOW HITPOINT WARNING * * *
Unknown command.
Aiming: Polymorph
Press: ? - help, Shift-Dir - straight line, f - scorpion
Aim: a scorpion (silenced, summoned, will become a golden eye, a boggart, or a howler monkey, chance to affect: 62%)
Okay, then.
Okay, then.
You hit Amaemon but do no damage.
Amaemon is no longer distracted by gold.
Amaemon is moderately wounded.
You constrict Amaemon.
You die...
Your body crumbles into a pile of gold.

####......
##./........
#...s..# ... .
##.....# .. ..
#....s$# #.#
6.. ###$##$#
..#.... #.s..#
.......
##6ss.##.$.?...
#.s@s..........
#..............
##.$...........
###.....#..##..
#......###... .
###.....# ....
##.....#......
##.............
##.............


You could see Amaemon and 5 scorpions.

Vanquished Creatures
  Gastronok (D:8)
  A two-headed ogre (D:8)
  An orange demon (D:8)
  Grinder (D:6)
  A wraith (D:6)
  Grum (D:8)
  3 black bears
  An ice beast (D:6)
  3 wolves (D:8)
  6 centaurs
  An ogre (D:7)
  2 phantoms
  Blork the orc (D:4)
  2 kobold brigands
  2 bullfrogs
  11 wights
  3 killer bees (D:7)
  A vampire bat (D:5)
  3 bombardier beetles
  A jelly (D:6)
  An orc priest (D:3)
  3 hounds
  A sleepcap (D:4)
  Ijyb (D:3)
  6 iguanas
  11 orc wizards
  3 gnolls (D:2)
  8 adders
  A shadow imp (D:6)
  A white imp (D:7)
  4 ribbon worms
  3 dart slugs
  3 fire bats (D:5)
  19 orcs
  2 spectral bats (D:5)
  12 bats
  3 bat skeletons (D:5)
  A bat zombie (D:5)
  7 endoplasms
  A giant cockroach (D:2)
  5 goblins
  5 hobgoblins
  8 jackals
  8 kobolds
  3 quokkas
  4 ball pythons
  A bat simulacrum (D:5)
  4 frilled lizards
  8 rats
183 creatures vanquished.

Notes
Turn   | Place    | Note
-------+----------+-------------------------------------------
     0 | D:1      | zenocrate the Octopode Earth Elementalist began the quest
                  | for the Orb.
     0 | D:1      | Reached XP level 1. HP: 11/11 MP: 3/3
    60 | D:1      | Reached XP level 2. HP: 16/18 MP: 3/5
   425 | D:1      | Reached XP level 3. HP: 22/22 MP: 6/6
   429 | D:1      | Learned a level 3 spell: Stone Arrow
   756 | D:1      | Found a faded altar of an unknown god.
   987 | D:2      | Reached skill level 1 in Fighting
  1071 | D:2      | Found Ipniobb's Weapon Boutique.
  1234 | D:2      | You fall into a shaft and drop 1 floor!
  1289 | D:2      | Reached XP level 4. HP: 22/28 MP: 7/7
  2082 | D:3      | Reached XP level 5. HP: 34/34 MP: 5/8
  2199 | D:3      | Noticed Ijyb
  2206 | D:3      | Killed Ijyb
  2340 | D:3      | Reached XP level 6. HP: 38/39 MP: 10/10
  2581 | D:3      | Found a runed translucent door.
  2582 | D:3      | Identified the +11 hammer of Ignis's Outrage {protect,
                  | rElec Int+2}
  2582 | D:3      | Noticed Crazy Yiuf
  2761 | D:3      | Learned a level 3 spell: Passwall
  2860 | D:4      | Reached skill level 1 in Unarmed Combat
  2881 | D:4      | Noticed Blork the orc
  2887 | D:4      | Killed Blork the orc
  2888 | D:4      | Reached skill level 1 in Evocations
  2993 | D:4      | Reached XP level 7. HP: 38/45 MP: 2/11
  3510 | D:4      | Found a shimmering blue altar of Sif Muna.
  3510 | D:4      | Found a sacrificial altar of Ru.
  3557 | D:5      | Entered Level 5 of the Dungeon
  3722 | D:5      | Learned a level 2 spell: Blink
  3966 | D:5      | Reached XP level 8. HP: 52/52 MP: 13/13
  4129 | D:5      | Found a staircase to the Ecumenical Temple.
  4155 | Temple   | Entered the Ecumenical Temple
  4163 | Temple   | Became a worshipper of Gozag Ym Sagoz the Greedy
  5077 | D:6      | Noticed a wraith
  5083 | D:6      | Killed a wraith
  5084 | D:6      | Reached skill level 5 in Earth Magic
  5243 | D:6      | Reached skill level 1 in Shapeshifting
  5249 | D:6      | Reached XP level 9. HP: 58/58 MP: 3/15
  5350 | D:6      | Noticed Grinder
  5354 | D:6      | Killed Grinder
  5355 | D:6      | Reached skill level 5 in Dodging
  5631 | D:6      | Found a hide-covered altar of Uskayaw.
  7165 | D:7      | Identified 2 scrolls of acquirement
  7179 | D:7      | Reached skill level 5 in Fighting
  7583 | D:7      | Acquired a +6 ring of strength
  7588 | D:7      | Reached XP level 10. HP: 48/65 MP: 7/17
  7589 | D:7      | Acquired a manual of Dodging
  7696 | D:7      | Reached skill level 5 in Unarmed Combat
  7924 | D:8      | Reached skill level 5 in Spellcasting
  8035 | D:8      | Noticed Gastronok
  8059 | D:8      | Killed Gastronok
  8060 | D:8      | Reached skill level 5 in Conjurations
  8188 | D:8      | Noticed a two-headed ogre
  8194 | D:8      | Killed a two-headed ogre
  8195 | D:8      | Reached skill level 5 in Evocations
  8217 | D:8      | Noticed Grum
  8219 | D:8      | Noticed an orange demon
  8223 | D:8      | Killed Grum
  8223 | D:8      | Noticed Amaemon
  8236 | D:8      | Killed an orange demon
  8251 | D:8      | HP: 3/68 [Amaemon/+1 demon whip of venom (5)]
  8253 | D:8      | Succumbed to a scorpion's poison

Illustrated notes

Levels and vault maps discovered:
D:1:      mainiacjoe_arrival_oval_in_oval, layout_basic,
          shapermc_ecumenical_altar_gd, minmay_misc_feat_tower
D:2:      layout_basic, serial_shops, shop
D:3:      layout_basic, uniq_crazy_yiuf_cottage, uniq_ijyb
D:4:      layout_basic, gammafunk_temple_overflow_pools, uniq_blork_the_orc
D:5:      layout_rooms, minmay_temple_entry_glassed_door, goddamned_bats
D:6:      layout_loops_ring, eat_drink_and_be_merry_uskayaw,
          kennysheep_minor_cross, uniq_grinder
D:7:      layout_gridville, minmay_manual_mares
D:8:      layout_cave_pools, grunt_livestock, uniq_gastronok, uniq_grum,
          uniq_amaemon
Temple:   nicolae_temple_bog_church

Skill      XL: |  1  2  3  4  5  6  7  8  9 10 |
---------------+-------------------------------+-----
Stealth        | 3 |  3.2
Fighting       | 1 2 3 4 5 |  5.7
Dodging        | 3 4 5 6 |  6.7
Conjurations   | 2 3 4 5 |  5.4
Unarmed Combat | 1 2 3 4 5 |  5.6
Spellcasting   | 3 4 5 |  5.9
Evocations     | 1 2 3 4 5 |  5.3
Earth Magic    | 4 5 6 |  6.6
Shapeshifting  | 1 2 3 |  3.5

Action                     |  1- 3 |  4- 6 |  7- 9 | 10-12 || total
---------------------------+-------+-------+-------+-------++-------
  Melee: Unarmed           |     9 |       |       |       ||     9
         Constrict         |    10 |    21 |    35 |     7 ||    73
         Tentacles         |     4 |    11 |    25 |     4 ||    44
         Rapier            |    21 |    55 |       |       ||    76
         Punch             |     1 |       |       |       ||     1
         Mace              |       |    11 |   135 |    21 ||   167
   Cast: Sandblast         |    19 |    19 |     1 |       ||    39
         Stone Arrow       |       |     6 |    62 |    20 ||    88
 Invoke: Potion Petition   |       |       |     1 |     1 ||     2
  Evoke: Wand              |       |       |     4 |       ||     4
    Use: Scroll            |       |       |     7 |     2 ||     9
         Potion            |       |       |    10 |     5 ||    15
   Stab: Sleeping          |     8 |     7 |    14 |       ||    29
 Armour: Skin              |    35 |    38 |   145 |    33 ||   251
  Dodge: Dodged            |    19 |    46 |   136 |    45 ||   246

Table legend: (Time is in decaauts)
 A = Elapsed time spent in this place.
 B = Non-inter-level travel time spent in this place.
 C = Inter-level travel time spent in this place.
 D = Time resting spent in this place.
 E = Time spent auto-exploring this place.
 F = Levels seen in this place.
 G = Mean time per level.
                   A        B        C        D        E       F      G
               +--------+--------+--------+--------+--------+-----+--------+
         Total |   8365 |   8157 |    208 |    179 |   6699 |   9 |  929.4 |
       Dungeon |   8348 |   8147 |    201 |    179 |   6699 |   8 | 1043.5 |
        Temple |     16 |      9 |      7 |      0 |      0 |   1 |   16.0 |
               +--------+--------+--------+--------+--------+-----+--------+

Top non-repeatable levels by time:
     D:6: 1588 daAuts
     D:7: 1499 daAuts
     D:5: 1270 daAuts
     D:1: 964 daAuts
     D:2: 931 daAuts
     D:3: 902 daAuts
     D:4: 800 daAuts
     D:8: 392 daAuts
  Temple: 16 daAuts
